 Dungeon Crawl Stone Soup version 0.17.1-2-g5865329 (webtiles) character file.

1618 Mysteryquy the Covered (level 8, -6/64 HPs)
             Began as a Demonspawn Chaos Knight on Feb 9, 2016.
             Mangled by an orc warrior
             ... wielding a +0 war axe of venom
              (14 damage)
             ... on level 5 of the Dungeon.
             The game lasted 00:13:39 (5581 turns).

Mysteryquy the Covered (Demonspawn Chaos Knight)    Turns: 5581, Time: 00:13:41

Health: -6/64      AC: 22    Str: 17    XL:     8   Next: 64%
Magic:  7/7        EV:  2    Int: 14    God:    Xom [.*....]
Gold:   303        SH:  0    Dex: 13    Spells: 0 memorised, 7 levels left

rFire  . . .     SeeInvis .     a - +0 falchion (chaos)
rCold  . . .     Rnd*Rage +     m - +3 crystal plate armour
rNeg   . . .     SustAt   .     (no shield)
rPois  .         Gourm    .     (no helmet)
rElec  .         Spirit   .     (no cloak)
rCorr  .         Warding  .     s - +0 pair of gloves
rMut   .         Stasis   .     (no boots)
MR     .....                    (no amulet)
Stlth  ..........               u - +3 ring of strength
                                q - -3 ring of protection (curse)

@: lethally poisoned (-6 -> -37), not resistant to hostile enchantments,
extremely unstealthy
A: hooves 1, yellow scales 2, berserk 1, blurry vision 1, breathe flames 1,
demonic guardian 1, deterioration 1, low mp 1, powered by pain 1, screaming 1,
wild magic 1
a: Renounce Religion, Breathe Fire


You were on level 5 of the Dungeon.
You worshipped Xom.
You were a plaything of Xom.
You were not hungry.

You visited 1 branch of the dungeon, and saw 6 of its levels.

You collected 303 gold pieces.

Inventory:

Hand Weapons
 a - a +0 falchion of chaos (weapon)
Armour
 b - a +2 leather armour
 m - a +3 crystal plate armour (worn)
 s - a +0 pair of gloves (worn)
Jewellery
 q - a cursed -3 ring of protection (left hand)
 u - a +3 ring of strength (right hand)
Wands
 h - a wand of cold (9)
 l - a wand of frost (22)
 t - a wand of digging (9)
 A - a wand of paralysis (12)
Scrolls
 e - a scroll of magic mapping
 i - 2 scrolls of fog
 j - a scroll of immolation {unknown}
 v - a scroll of remove curse {unknown}
 x - 2 scrolls of teleportation {unknown}
 y - 3 scrolls of identify
 z - a scroll of amnesia {unknown}
 B - a scroll of silence {unknown}
Potions
 f - a potion of brilliance {unknown}
 g - a potion of cancellation {unknown}
 k - a potion of heal wounds
 n - a potion of flight
 o - a potion of mutation {unknown}
 p - a potion of magic {unknown}
 r - 4 potions of curing {unknown}
 w - a potion of invisibility {unknown}
Comestibles
 c - 5 bread rations
 d - a meat ration
 C - a chunk of flesh
 D - 5 fruits


   Skills:
 + Level 5.8 Fighting
 + Level 5.7 Long Blades
 + Level 6.0 Armour
 + Level 2.4 Dodging
 + Level 3.7 Stealth


You had 7 spell levels left.
You didn't know any spells.

Dungeon Overview and Level Annotations

Branches:
Dungeon (6/15)             Temple (0/1) D:5

Altars:
Dithmenos
Kikubaaqudgha
Makhleb
Okawaru
Qazlal
Ru
Yredelemnul

Annotations:
D:5 Gomorra's ghost, novice DDBe


Innate Abilities, Weirdness & Mutations

You have large cloven feet.
You are mostly covered in yellow scales (AC +3).
A weak demonic guardian rushes to your aid.
You sometimes gain a little power by taking damage.
You tend to lose your temper in combat.
Scrolls take you a little longer to read.
You can breathe flames.
Your body sometimes deteriorates upon taking damage.
Your magical capacity is low (-10% MP).
You occasionally shout uncontrollably at your foes.
Your spells are a little harder to cast, but a little more powerful.


Message History

You hit the orc warrior but do no damage.
You kick the orc warrior, but do no damage.
The orc warrior is moderately wounded.
You feel sick.
The orc warrior hits you with a war axe of venom!
You are more poisoned.
You hit the orc warrior.
The orc warrior is moderately wounded.
You feel very sick.
The orc warrior hits you with a war axe of venom!!
* * * LOW HITPOINT WARNING * * *
You are more poisoned.
Your crystal plate armour prevents you from hitting the orc warrior.
You kick the orc warrior, but do no damage.
The orc warrior is moderately wounded.
* * * LOW HITPOINT WARNING * * *
You feel very sick.
The orc warrior hits you with a war axe of venom!
You die...
Xom bursts into laughter!

#.......# #...............
#.......###...............
####.......#.#...............
#..'.........#.#..#####'#....
####.........................
####...........####.......
######.........#.#..# ##..####.
#............#.#.#..###.......>
#.............@..............#.
#.#######....5.o....####..##...
#.# ##...#.............#.#. #.#
##...#................. #.#
#........#..####...#.#.
###.########...#.................
#..............#...#..###..######
###........................#.....
#.########...............#.⌠.⌠.


You could see an orc warrior (berserk) and a friendly iron imp.

Vanquished Creatures
  An ogre (D:5)
  An ice beast (D:5)
  An orc warrior (D:5)
  A centaur (D:5)
  A giant frog (D:6)
  2 scorpions
  A wyvern zombie (D:6)
  A crimson imp (D:6)
  A centaur zombie (D:6)
  3 orc priests (D:4)
  A jelly (D:5)
  5 orc wizards
  Terence (D:3)
  4 iguanas
  2 worker ants (D:5)
  3 adders
  5 gnolls
  An ooze (D:1)
  3 worms
  5 giant geckos
  10 orcs
  7 bats
  3 hobgoblins
  7 jackals
  8 kobolds
  A ball python (D:1)
  4 giant newts
  A goblin (D:1)
  3 quokkas
  2 rats (D:2)
89 creatures vanquished.

Vanquished Creatures (collateral kills)
  Sigmund (D:3)
  A hungry ghost (D:5)
  A centaur (D:6)
  A sky beast (D:6)
  A hound (D:4)
  A worker ant (D:6)
  2 gnolls (D:5)
  A shadow imp (D:6)
  A jackal (D:3)
  A bat (D:3)
  A jackal skeleton (D:5)
  2 quokka zombies (D:6)
14 creatures vanquished.

Vanquished Creatures (others)
  A centaur zombie (D:5)
  A giant cockroach (D:3)
2 creatures vanquished.

Grand Total: 105 creatures vanquished

Notes
Turn   | Place    | Note
--------------------------------------------------------------
     0 | D:1      | Mysteryquy the Demonspawn Chaos Knight began the quest for the Orb.
     0 | D:1      | Reached XP level 1. HP: 18/18 MP: 1/1
    21 | D:1      | XOM: harmless Necr miscast
    34 | D:1      | Reached skill level 1 in Dodging
    42 | D:1      | XOM: harmless Erth miscast
    60 | D:1      | Gained mutation: A weak demonic guardian rushes to your aid. [demonic ancestry]
    60 | D:1      | Reached XP level 2. HP: 24/24 MP: 2/2
    70 | D:1      | XOM: blink monster(s)
   214 | D:1      | XOM: give mutations
   214 | D:1      | Gained mutation: You can breathe flames. [Xom's mischief]
   214 | D:1      | Gained mutation: Your body sometimes deteriorates upon taking damage. [Xom's mischief]
  1012 | D:2      | XOM: stealth player
  1057 | D:2      | Found a sacrificial altar of Ru.
  1128 | D:2      | XOM: 9-stop teleportation journey
  1135 | D:2      | Gained mutation: You are partially covered in yellow scales (AC +2). [demonic ancestry]
  1135 | D:2      | Reached XP level 3. HP: 25/29 MP: 3/3
  1249 | D:2      | XOM: summons 1 hostile demon
  1310 | D:2      | Found an ancient bone altar of Kikubaaqudgha.
  1634 | D:2      | XOM: harmless Ice miscast
  1654 | D:2      | XOM: give mutations
  1654 | D:2      | Gained mutation: You are clumsy. (Dex -2) [Xom's mischief]
  1654 | D:2      | Gained mutation: Your spells are a little harder to cast, but a little more powerful. [Xom's mischief]
  1654 | D:2      | Lost mutation: You are clumsy. (Dex -2) [Xom's mischief]
  1957 | D:2      | XOM: medium Hex miscast
  1975 | D:3      | XOM: confuse monster(s)
  1976 | D:3      | Gained mutation: You are mostly covered in yellow scales (AC +3). [demonic ancestry]
  1976 | D:3      | Reached XP level 4. HP: 24/35 MP: 4/4
  2061 | D:3      | XOM: confuse monster(s)
  2138 | D:3      | XOM: harmless Chrm miscast
  2221 | D:3      | XOM: harmless Fire miscast
  2315 | D:3      | Found a faded altar to an unknown god.
  2342 | D:3      | Noticed Sigmund
  2343 | D:3      | XOM: cast spell 'Stoneskin'
  2389 | D:3      | Killed Sigmund
  2389 | D:3      | Reached skill level 1 in Stealth
  2389 | D:3      | Gained mutation: You sometimes gain a little power by taking damage. [demonic ancestry]
  2389 | D:3      | Reached XP level 5. HP: 30/41 MP: 5/5
  2459 | D:3      | Noticed Terence
  2483 | D:3      | Killed Terence
  2643 | D:4      | XOM: 4-stop teleportation journey
  2652 | D:4      | Reached XP level 6. HP: 36/48 MP: 6/6
  2705 | D:4      | XOM: 4-stop teleportation journey
  2713 | D:4      | Noticed a hungry ghost
  2727 | D:5      | Entered Level 5 of the Dungeon
  2727 | D:5      | Found a burning altar of Makhleb.
  2745 | D:5      | XOM: enchant monster (bad)
  2751 | D:5      | Reached skill level 4 in Long Blades
  2931 | D:5      | XOM: medium Summ miscast
  2932 | D:5      | Noticed a small abomination
  2936 | D:5      | XOM: enchant monster (good)
  2939 | D:5      | Killed a hungry ghost
  3380 | D:4      | Found a basalt altar of Yredelemnul.
  3655 | D:5      | Noticed Gomorra's ghost (novice DDBe)
  3667 | D:5      | XOM: polymorph crimson imp -> quasit
  3673 | D:5      | XOM: medium Fire miscast
  3677 | D:5      | XOM: confusion (+ monsters)
  3689 | D:5      | Found a staircase to the Ecumenical Temple.
  3690 | D:5      | XOM: fog
  3743 | D:5      | Reached XP level 7. HP: 53/55 MP: 7/7
  3746 | D:5      | Found an iron altar of Okawaru.
  3746 | D:5      | XOM: 3-stop teleportation journey
  3910 | D:5      | XOM: mild Ice miscast
  3917 | D:5      | XOM: stat loss: -1 Dex (12/13)
  3931 | D:5      | Reached skill level 5 in Armour
  4112 | D:5      | XOM: mild Ice miscast
  4132 | D:5      | XOM: colour smoke trail
  4214 | D:5      | Reached skill level 5 in Fighting
  4301 | D:5      | Reached skill level 5 in Long Blades
  4308 | D:5      | Gained mutation: You have large cloven feet. [demonic ancestry]
  4308 | D:5      | Reached XP level 8. HP: 21/62 MP: 8/8
  4432 | D:5      | XOM: give mutation
  4432 | D:5      | Gained mutation: You occasionally shout uncontrollably at your foes. [Xom's mischief]
  4448 | D:5      | Found a stormy altar of Qazlal.
  4800 | D:6      | Gained mutation: Your magical capacity is low (-10% MP). [mutagenic meat]
  4801 | D:6      | Gained mutation: You tend to lose your temper in combat. [mutagenic meat]
  4802 | D:6      | Gained mutation: Scrolls take you a little longer to read. [mutagenic meat]
  4871 | D:6      | XOM: confusion (+ monsters)
  4937 | D:5      | XOM: harmless Trmt miscast
  4962 | D:5      | XOM: summons friendly crimson imp
  5048 | D:6      | XOM: mild Trmt miscast
  5188 | D:6      | XOM: colour smoke trail
  5227 | D:6      | XOM: harmless Conj miscast
  5364 | D:6      | XOM: harmless Summ miscast
  5390 | D:6      | Found a shadowy altar of Dithmenos.
  5519 | D:6      | Reached skill level 6 in Armour
  5537 | D:6      | XOM: silly message
  5581 | D:5      | Mangled by an orc warrior

Action                   |  1- 3 |  4- 6 |  7- 9 || total
-------------------------+-------+-------+-------++-------
Melee: Falchion          |   168 |   210 |   235 ||   613
 Abil: Breathe Fire      |       |     1 |     1 ||     2
  Use: Scroll            |       |     8 |       ||     8
       Potion            |       |     2 |       ||     2
 Stab: Paralysed         |     2 |       |     6 ||     8
       Confused          |       |     4 |     2 ||     6
       Distracted        |       |     1 |     1 ||     2
       Petrifying        |       |       |     1 ||     1
  Eat: Chunk             |     4 |     7 |    12 ||    23
       Meat ration       |       |     1 |       ||     1
